 Dungeon Crawl Stone Soup version 0.17-a0-2073-gde5cdba (webtiles) character file.

237 radek the Conjurer (level 5, -1/28 HPs)
             Began as a Deep Elf Conjurer on Oct 14, 2015.
             Slain by an iguana (15 damage)
             ... on level 4 of the Dungeon.
             The game lasted 00:22:56 (4049 turns).

radek the Conjurer (Deep Elf Conjurer)              Turns: 4049, Time: 00:22:56

Health: -1/28      AC:  2    Str:  5    XL:     5   Next: 77%
Magic:  2/11       EV: 13    Int: 21    God:
Gold:   151        SH:  0    Dex: 15    Spells: 2 memorised, 4 levels left

rFire  x . .     SeeInvis .     e - +2 dagger (venom)
rCold  + . .     Clarity  .     a - +0 robe
rNeg   + . .     SustAt   .     (no shield)
rPois  .         Gourm    .     (no helmet)
rElec  .         Spirit   .     (no cloak)
rCorr  .         Warding  +     (no gloves)
rMut   .         Stasis   .     (no boots)
MR     .....                    o - amulet of warding
Stlth  ++........               (no ring)
                                i - ring of ice

@: not resistant to hostile enchantments, unstealthy
A: no striking features
a: no special abilities


You were on level 4 of the Dungeon.
You were not hungry.

You visited 1 branch of the dungeon, and saw 4 of its levels.

You collected 151 gold pieces.

Inventory:

Hand Weapons
 e - a +2 dagger of venom (weapon)
 q - a +2 short sword of venom
Missiles
 y - 5 steel javelins (quivered)
Armour
 a - a +0 robe (worn)
Jewellery
 i - a ring of ice (left hand)
 o - an amulet of warding (around neck)
 v - a cursed ring of loudness {unknown}
 B - an uncursed ring of flight {unknown}
Wands
 A - a wand of enslavement (16)
Scrolls
 f - 2 scrolls of enchant armour {unknown}
 h - 4 scrolls of identify {unknown}
 n - 3 scrolls of random uselessness {unknown}
 p - 2 scrolls of amnesia {unknown}
 u - 2 scrolls of recharging {unknown}
 x - a scroll of teleportation {unknown}
Potions
 d - a potion of agility {unknown}
 g - a potion of invisibility {unknown}
 j - a potion of cancellation {unknown}
 k - 4 potions of curing {unknown}
 l - a potion of brilliance {unknown}
 m - a potion of flight {unknown}
 r - a potion of heal wounds {unknown}
 w - a potion of might {unknown}
 C - a potion of haste {unknown}
Books
 b - a book of Conjurations

   Spells                             Type                      Level
   a - Magic Dart                     Conjuration                  1
   b - Searing Ray                    Conjuration                  2
   c - Dazzling Spray                 Conjuration/Hexes            3
   d - Fulminant Prism                Conjuration/Hexes            4
   e - Iskenderun's Mystic Blast      Conjuration                  4
   f - Iskenderun's Battlesphere      Conjuration/Charms           5
Comestibles
 c - 5 bread rations
 s - a chunk of flesh
 t - 2 meat rations
 z - 4 fruits


   Skills:
 - Level 2.4 Dodging
 - Level 2.4 Stealth
 - Level 3.0 Spellcasting
 - Level 6.9 Conjurations
 * Level 4.3 Charms


You had 4 spell levels left.
You knew the following spells:

 Your Spells              Type           Power        Failure   Level  Hunger
a - Magic Dart            Conj           ####         1%          1    None
b - Iskenderun's Battles  Conj/Chrm      ####....     41%         5    ######.


Dungeon Overview and Level Annotations

Branches:
Dungeon (4/15)
 Temple: D:4-7

Altars:
Elyvilon
Nemelex Xobeh
Sif Muna
Xom

Annotations:
D:1 1 runed door


Message History

The iguana is moderately wounded.
Casting: Magic Dart
Confirm with . or Enter, or press ? or * to list all spells.
Aiming: Magic Dart
Press: ? - help, Shift-Dir - straight line, f/p - iguana
Aim: an iguana (moderately wounded)
The magic dart hits the iguana.
The iguana is heavily wounded.
The iguana bites you!
Ouch! That really hurt!
Casting: Magic Dart
Confirm with . or Enter, or press ? or * to list all spells.
Aiming: Magic Dart
Press: ? - help, Shift-Dir - straight line, f/p - iguana
Aim: an iguana (heavily wounded)
The magic dart hits the iguana.
The iguana is heavily wounded.
The iguana bites you!
Ouch! That really hurt!
You die...

# ### . ###.. .. ##....
... ###..... ....
###....... #..##
####.........
#.l#####............
####@..............##
...........############
...........#
...........#
...........#
...........#
.......#...#
.......#...# ... #....


You could see an iguana.

Vanquished Creatures
  A crimson imp (D:3)
  A worker ant (D:3)
  Jessica (D:2)
  6 adders
  An adder skeleton (D:4)
  3 worms
  2 giant geckos
  5 orcs (D:3)
  A ball python (D:3)
  5 bats
  5 giant cockroaches
  9 goblins
  12 hobgoblins
  8 kobolds
  2 quokkas (D:2)
  A giant gecko skeleton (D:4)
  4 giant newts
  7 jackals
  6 rats
80 creatures vanquished.

Notes
Turn   | Place    | Note
--------------------------------------------------------------
     0 | D:1      | radek the Deep Elf Conjurer began the quest for the Orb.
     0 | D:1      | Reached XP level 1. HP: 10/10 MP: 6/6
     1 | D:1      | Found a runed door.
   184 | D:1      | Reached XP level 2. HP: 15/15 MP: 5/8
   257 | D:1      | Reached skill level 5 in Conjurations
   914 | D:2      | Reached XP level 3. HP: 10/19 MP: 0/9
  1122 | D:2      | Noticed Jessica
  1639 | D:2      | Reached skill level 6 in Conjurations
  1840 | D:2      | Reached XP level 4. HP: 24/24 MP: 3/10
  2175 | D:2      | Killed Jessica
  2448 | D:2      | Found a shimmering altar of Xom.
  2450 | D:2      | Found a white marble altar of Elyvilon.
  2688 | D:3      | Found a deep blue altar of Sif Muna.
  2887 | D:3      | Found a sparkling altar of Nemelex Xobeh.
  2931 | D:3      | Reached XP level 5. HP: 28/28 MP: 9/11
  2938 | D:3      | Learned a level 5 spell: Iskenderun's Battlesphere
  2979 | D:3      | Reached skill level 1 in Charms
  4049 | D:4      | Slain by an iguana

Vault maps used:
D:1:      dpeg_arrival_caged_fury
D:2:      gammafunk_temple_overflow_wave, uniq_jessica
D:3:      overflow_temple_1_default, nemelex_xobeh_ov_fountains_minmay,
          lemuel_another_geyser
D:4:      bloody_trog, first_bread, serial_shops, shop, corexii_leaking_fountain

Action                   |  1- 3 |  4- 6 || total
-------------------------+-------+-------++-------
Melee: Dagger            |     7 |       ||     7
 Cast: Magic Dart        |    95 |    91 ||   186
  Eat: Chunk             |     1 |     2 ||     3
       Bread ration      |     1 |       ||     1
       Meat ration       |       |     1 ||     1
